 Dungeon Crawl Stone Soup version 0.30.1-11-g7821555f0a (webtiles) character file.

Game seed: 8349307039991662121

345 KittyFluff the Cudgeller (level 6, 0/38 HPs)
             Began as a Gargoyle Berserker on Nov 10, 2023.
             Was a Priest of Trog.
             Slain by Jaukkuri's ghost (4 damage)
             ... while paralysed
             ... on level 3 of the Dungeon.
             The game lasted 00:12:41 (3004 turns).

KittyFluff the Cudgeller (Gargoyle Berserker)       Turns: 3004, Time: 00:12:42

Health: 0/38       AC:  8    Str: 22      XL:     6   Next: 58%
Magic:  6/6        EV:  2    Int:  8      God:    Trog [***...]
Gold:   238        SH:  0    Dex:  0 (9)  Spells: 5/5 levels left

rFire   . . .        o - +0 whip (vamp)
rCold   . . .        (no shield)
rNeg    + . .        f - +0 leather armour
rPois   ∞            (no helmet)
rElec   +            (no cloak)
rCorr   .            (no gloves)
SInv    .            (no boots)
Will    .....        (no amulet) Stlth
                     (no ring)
HPRegen 0.26/turn    (no ring)
MPRegen 0.10/turn

%: no passive effects
@: paralysed, slowed, lost dexterity
A: sickness immunity, AC +4, negative energy resistance 1, electricity
resistance, torment resistance 1, petrification resistance
a: Renounce Religion, Berserk, Trog's Hand


You were on level 3 of the Dungeon.
You worshipped Trog.
Trog was most pleased with you.
You visited 1 branch of the dungeon, and saw 3 of its levels.
You also visited: Sewer.

You collected 238 gold pieces.

Inventory:

Hand Weapons
 a - a +0 mace
 k - a +0 sling
 o - a +0 vampiric whip (weapon)
 u - a +0 quarterstaff
 v - a +3 quarterstaff of chaos
Missiles
 d - 13 poisoned darts (quivered)
 h - 3 atropa-tipped darts
Armour
 f - a +0 leather armour (worn)
 w - a +0 cloak
Jewellery
 g - a ring of ice
 x - a +6 ring of dexterity
Scrolls
 b - a scroll of magic mapping {unknown}
 c - 4 scrolls of fear {unknown}
 e - 2 scrolls of teleportation {unknown}
 i - a scroll of identify {unknown}
 j - a scroll of vulnerability {unknown}
Potions
 l - a potion of magic {unknown}
 m - a potion of resistance {unknown}
 n - 2 potions of experience {unknown}
 p - 3 potions of might {unknown}
 q - 2 potions of invisibility {unknown}
 r - a potion of brilliance {unknown}
 s - a potion of cancellation {unknown}
 t - a potion of curing {unknown}
 z - a potion of degeneration {unknown}


   Skills:
 + Level 4.1 Fighting
 * Level 4.6 Maces & Flails
 * Level 4.4 Armour
 + Level 2.4 Dodging
 + Level 2.5 Stealth


You had 5 spell levels left.
You didn't know any spells.
Your spell library was empty.

Dungeon Overview and Level Annotations

Branches:
Dungeon (3/15)              Sewer (visited)

Altars:
Qazlal

Shops:
D:1 ?

Annotations:
D:3 1 transporter, Jaukkuri's ghost, amateur DEAr


Innate Abilities, Weirdness & Mutations

You are immune to sickness and miasma.
Your stone body is resilient. (AC +4)
You are immune to poison.
You resist negative energy. (rN+)
You are resistant to electric shocks. (rElec)
You are resistant to unholy torment.
You are immune to petrification.


Message History

The quasit claws you but does no damage.
Jaukkuri's ghost barely misses you.
Jaukkuri's ghost attacks as you move away!
Jaukkuri's ghost hits you!
* * * LOW HITPOINT WARNING * * *
The quasit bites you but does no damage.
The quasit claws you but does no damage. x2
You see here a lumpy pink potion.
z - a lumpy pink potion Jaukkuri's ghost hits you but does no damage.
The quasit closely misses you. The quasit barely misses you.
The quasit claws you but does no damage.
The quasit attacks as you move away! The quasit barely misses you.
The quasit claws you but does no damage.
The quasit barely misses you. Jaukkuri's ghost barely misses you.
You see here 10 gold pieces.
You now have 238 gold pieces (gained 10).
The quasit bites you but does no damage.
The quasit claws you but does no damage.
The quasit claws you.
* * * LOW HITPOINT WARNING * * *
You feel clumsy.
Jaukkuri's ghost hits you but does no damage.
The quasit bites you but does no damage.
The quasit barely misses you. The quasit completely misses you.
Jaukkuri's ghost attacks as you move away!
Jaukkuri's ghost hits you but does no damage.
The quasit barely misses you. The quasit closely misses you.
The quasit barely misses you. The quasit completely misses you.
The quasit claws you but does no damage. x2
You hit the quasit but do no damage. Jaukkuri's ghost closely misses you.
The quasit bites you but does no damage.
The quasit claws you.
* * * LOW HITPOINT WARNING * * *
You feel clumsy.
You have lost your dexterity.
The quasit claws you but does no damage.
The quasit bites you but does no damage.
The quasit claws you but does no damage. x2
Jaukkuri's ghost hits you.
You die...

.#.#....#..#.......##......#..(#.
..##.####..#...#.#..#.####.##.##.
...........#...#.#..#.........###
......#...##.#.....##.####.......
......#...#.#...#..#.....#.......
......#...#...#©..5#©..####.####.
.######...##.....#.#..#.##...##†.
+######...©#.#.55#5##.#.[##.##...
..#.......##..##@#..#.+...###....
..#....##.#©..#..W#.#.#....#.....
.......[..##....#..##.#....######
..#........##......#..#....#.....
..####......#####.##.......#.....
.)..............###........#.....
#####........##........##.......#
## #........+..................#
.# #........###.......##.......#


You could see 2 quasits and Jaukkuri's ghost.

Vanquished Creatures
  A kobold brigand (Sewer)
  Crazy Yiuf (D:3)
  A sleepcap (D:3)
  6 adders
  8 river rats (Sewer)
  A worm (D:2)
  3 dart slugs
  10 ball pythons
  8 bats
  6 endoplasms
  A giant cockroach (D:1)
  3 goblins
  17 kobolds
  4 quokkas
  3 frilled lizards
  31 rats
104 creatures vanquished.

Notes
Turn   | Place    | Note
-------+----------+-------------------------------------------
     0 | D:1      | KittyFluff the Gargoyle Berserker began the quest for the
                  | Orb.
     0 | D:1      | Reached XP level 1. HP: 14/14 MP: 1/1
   120 | D:1      | Found Emyl's Magic Scroll Emporium.
   279 | D:1      | Reached XP level 2. HP: 19/19 MP: 2/2
   700 | D:1      | Found a faded altar of an unknown god.
   928 | D:1      | Reached XP level 3. HP: 20/23 MP: 3/3
   975 | D:2      | Reached skill level 1 in Stealth
  1115 | D:2      | Reached ** piety under Trog
  1478 | D:3      | Reached XP level 4. HP: 28/28 MP: 4/4
  1545 | D:3      | Found a stormy altar of Qazlal.
  1559 | D:3      | Found a glowing drain.
  1596 | Sewer    | Entered a sewer
  1843 | Sewer    | Reached XP level 5. HP: 31/33 MP: 5/5
  1850 | Sewer    | Reached *** piety under Trog
  2216 | Sewer    | Noticed a kobold brigand
  2238 | Sewer    | Killed a kobold brigand
  2239 | Sewer    | Reached XP level 6. HP: 16/38 MP: 6/6
  2381 | D:3      | Noticed Jaukkuri's ghost (amateur DEAr)
  2382 | D:3      | Found a transporter.
  2584 | D:3      | Found a runed translucent door.
  2585 | D:3      | Noticed Crazy Yiuf
  2594 | D:3      | Killed Crazy Yiuf
  2898 | D:3      | Found a transporter.
  3003 | D:3      | Lost dexterity.
  3004 | D:3      | Slain by Jaukkuri's ghost

Illustrated notes

Levels and vault maps discovered:
D:1:      dpeg_arrival_subterranean_lakeside_camping, layout_basic,
          serial_shops, shop, hellmonk_ecumenical_altar_heavens_door
D:2:      layout_rooms, feat_on_display
D:3:      layout_basic, overflow_temple_1_default, portal_sewer_entry_d,
          gammafunk_ghost_stat_death, nrook_loot_triangle,
          uniq_crazy_yiuf_cottage

Skill      XL: |  1  2  3  4  5 |
---------------+----------------+-----
Stealth        | 1 2 |  2.5
Armour         | 3 4 |  4.4
Dodging        | 2 |  2.4
Maces & Flails | 4 |  4.6
Fighting       | 4 |  4.1

Action                     |  1- 3 |  4- 6 || total
---------------------------+-------+-------++-------
  Melee: Mace              |   130 |   155 ||   285
         Punch             |       |     6 ||     6
         Whip              |       |   150 ||   150
 Invoke: Berserk           |       |     1 ||     1
   Stab: Sleeping          |     1 |     1 ||     2
 Armour: Animal skin       |    33 |       ||    33
         Leather armour    |    28 |   264 ||   292
  Dodge: Dodged            |    98 |   338 ||   436
